 Dungeon Crawl Stone Soup version 0.25.1-8-g42b30a86e7 (webtiles) character file.

Game seed: 12969230332397480495

3689 KamiKatze the Cutter (level 10, -3/103 HPs)
             Began as a Halfling Berserker on Dec 4, 2020.
             Was a High Priest of Trog.
             Killed from afar by Maurice (5 damage)
             ... with an iceblast
             ... on level 8 of the Dungeon.
             The game lasted 00:26:30 (7334 turns).

KamiKatze the Cutter (Halfling Berserker)           Turns: 7334, Time: 00:26:30

Health: -3/103     AC: 11    Str: 21    XL:     10   Next: 35%
Magic:  10/10      EV: 17    Int:  8    God:    Trog [*****.]
Gold:   341        SH:  5    Dex: 15    Spells: 9/9 levels left

rFire    . . .     SeeInvis .   K - +0 scimitar
rCold    . . .     Gourm    .   (shield restricted)
rNeg     + . .     Faith    .   J - +0 scale mail
rPois    +         Spirit   .   k - +1 helmet {Int+3}
rElec    .         Reflect  +   w - +0 cloak
rCorr    .         Harm     .   (no gloves)
MR       .....                  (no boots)
Stlth    ..........             j - amulet of reflection
HPRegen  0.27/turn              n - ring of poison resistance
MPRegen  0.12/turn              y - ring of positive energy

@: berserking (expiring), very quick
A: small, mutation resistance 1
a: Berserk, Trog's Hand, Brothers in Arms, Renounce Religion


You were on level 8 of the Dungeon.
You worshipped Trog.
Trog was extremely pleased with you.
You were very hungry.

You visited 2 branches of the dungeon, and saw 9 of its levels.

You collected 341 gold pieces.

Inventory:

Hand Weapons
 a - a +0 short sword
 u - a cursed +0 dagger
 E - a +0 long sword
 K - a +0 scimitar (weapon)
Missiles
 d - 2 curare-tipped darts (quivered)
 m - 183 stones
 p - 23 poisoned darts
 x - 73 sling bullets
 H - 4 atropa-tipped darts
 L - a throwing net
Armour
 g - a +0 plate armour
 k - a +1 helmet of intelligence (worn)
 v - a +0 chain mail
 w - a +0 cloak (worn)
 J - a +0 scale mail (worn)
Jewellery
 j - an amulet of reflection (around neck)
 n - a ring of poison resistance (left hand)
 y - a ring of positive energy (right hand)
Wands
 e - a wand of enslavement (4)
 f - a wand of paralysis (18)
 G - a wand of acid (15)
Scrolls
 i - 2 scrolls of remove curse
 l - 2 scrolls of fog
 o - 5 scrolls of teleportation
 z - a scroll of enchant armour
 A - a scroll of fear {unknown}
 C - 3 scrolls of identify
 I - 2 scrolls of immolation {unknown}
 M - a scroll of enchant weapon {unknown}
Potions
 h - 2 potions of stabbing
 q - 8 potions of curing
 r - 2 potions of heal wounds
 s - 2 potions of haste
 t - 2 potions of flight
 B - a potion of magic
 F - 2 potions of cancellation
Comestibles
 c - 20 rations
 D - 3 chunks of flesh


   Skills:
 + Level 6.4 Fighting
 - Level 7.7(9.4) Short Blades
 * Level 7.0(8.2) Long Blades
 + Level 7.2 Armour
 + Level 7.1 Dodging


You had 9 spell levels left.
You didn't know any spells.
Your spell library was empty.

Dungeon Overview and Level Annotations

Branches:
Dungeon (8/15)             Temple (1/1) D:7
   Lair: D:8-11

Altars:
Ashenzari
Cheibriados
Dithmenos
Elyvilon
Fedhas
Gozag
Hepliaklqana
Kikubaaqudgha
Makhleb
Nemelex Xobeh
Okawaru
Qazlal
Ru
Sif Muna
Trog
Uskayaw
Vehumet
Wu Jian
Xom
Yredelemnul
Zin
The Shining One

Shops:
D:8 (

Annotations:
D:3 exclusion: door
D:8 Maurice


Innate Abilities, Weirdness & Mutations

You are small and have problems with some larger weapons.
You are somewhat resistant to further mutation.


Message History

An iceblast appears from out of thin air!
The mass of ice explodes!
The iceblast engulfs you!
* * * LOW HITPOINT WARNING * * *
The iceblast engulfs the wyvern!
You feel a strong urge to attack something.
Something hits you!
* * * LOW HITPOINT WARNING * * *
Something steals your war axe!
You miss something. The wyvern bites you.
* * * LOW HITPOINT WARNING * * *
Something barely misses you.
You miss something. The wyvern barely misses you.
You riposte.
You slice the wyvern!!
You kill the wyvern!
Trog accepts your kill.
Your base Long Blades skill increases to level 7!
You hear a zap.
An iceblast appears from out of thin air!
The mass of ice explodes!
The iceblast engulfs you.
You die...

.....#....# ....##.
####...##.# ...... #
##.....# ....# #####.#
..[(########## #.#
...........)<#
#.########....########.#
#.(((((....#[# #.#
########l#.#.# #.##
#@#.#.# #... #{#.#.#
#### #.#.#.# #.#.#.#
####.#.#.############
#....................
#.#....###..###.#####
#....### ##...[......
#..#.# #.......###


You could see a leopard gecko.

Vanquished Creatures
  A hornet (D:7)
  Sigmund (D:4)
  2 wyverns (D:8)
  2 hungry ghosts
  A sky beast (D:7)
  Purgy (D:3)
  An orc warrior (D:7)
  A phantom (D:3)
  A necrophage (D:7)
  2 ice beasts
  7 ogres
  2 centaurs
  A big kobold (D:8)
  3 bullfrogs
  3 scorpions
  An oklob sapling (D:7)
  2 howler monkeys
  A centaur skeleton (D:7)
  3 orc priests
  5 hounds
  3 orc wizards
  3 iguanas
  5 worker ants
  A hound skeleton (D:4)
  A howler monkey zombie (D:6)
  A worker ant zombie (D:8)
  4 gnolls
  11 adders
  3 shadow imps
  An ooze (D:3)
  2 adder skeletons
  2 worms (D:2)
  2 dart slugs
  9 leopard geckos
  32 orcs
  2 giant cockroaches
  4 goblins
  9 hobgoblins
  11 jackals
  9 kobolds
  5 quokkas
  2 ball pythons
  8 bats
  4 frilled lizards
  A leopard gecko skeleton (D:7)
  A quokka zombie (D:5)
  9 rats
  A plant (D:7)
187 creatures vanquished.

Notes
Turn   | Place    | Note
-------+----------+-------------------------------------------
     0 | D:1      | KamiKatze the Halfling Berserker began the quest for the
                  | Orb.
     0 | D:1      | Reached XP level 1. HP: 15/15 MP: 1/1
   139 | D:1      | Reached XP level 2. HP: 18/20 MP: 2/2
   576 | D:1      | Reached XP level 3. HP: 25/25 MP: 3/3
   862 | D:1      | Reached ** piety under Trog
   977 | D:2      | Reached XP level 4. HP: 29/31 MP: 4/4
  1267 | D:2      | Found a shimmering altar of Xom.
  1593 | D:2      | Reached skill level 5 in Short Blades
  1593 | D:2      | Reached XP level 5. HP: 31/36 MP: 5/5
  1844 | D:3      | Found a hide-covered altar of Uskayaw.
  2124 | D:3      | Reached XP level 6. HP: 42/42 MP: 6/6
  2139 | D:3      | Found an ancient bone altar of Kikubaaqudgha.
  2139 | D:3      | Found a sparkling altar of Nemelex Xobeh.
  2153 | D:3      | Reached *** piety under Trog
  2381 | D:3      | Found a shimmering blue altar of Sif Muna.
  2485 | D:4      | Noticed Sigmund
  2513 | D:4      | Killed Sigmund
  2513 | D:4      | Reached XP level 7. HP: 47/47 MP: 7/7
  2525 | D:4      | Noticed Purgy
  2565 | D:3      | Killed Purgy
  3099 | D:3      | Reached XP level 8. HP: 42/54 MP: 8/8
  3525 | D:5      | Entered Level 5 of the Dungeon
  3570 | D:5      | Reached skill level 1 in Long Blades
  3654 | D:5      | Found a shadowy altar of Dithmenos.
  3848 | D:5      | Found a sacrificial altar of Ru.
  3937 | D:5      | Reached skill level 5 in Armour
  4307 | D:6      | Reached skill level 5 in Dodging
  4924 | D:6      | Reached skill level 5 in Fighting
  4924 | D:6      | Reached XP level 9. HP: 58/61 MP: 9/9
  5105 | D:7      | Noticed a hornet
  5408 | D:7      | Reached **** piety under Trog
  5654 | D:7      | Reached skill level 5 in Long Blades
  5683 | D:7      | Killed a hornet
  6020 | D:7      | Found a basalt altar of Yredelemnul.
  6169 | D:7      | Found a staircase to the Ecumenical Temple.
  6243 | Temple   | Entered the Ecumenical Temple
  6474 | D:7      | Reached XP level 10. HP: 62/68 MP: 10/10
  6587 | D:7      | Paralysed by fainting for 9 turns
  6840 | D:8      | Found a shattered altar of Ashenzari.
  6926 | D:8      | Found a blossoming altar of Fedhas.
  7086 | D:8      | Reached ***** piety under Trog
  7140 | D:8      | Found Hiozxare's Weapon Shop.
  7312 | D:8      | Noticed Maurice
  7333 | D:8      | HP: 2/103 [wyvern (6)]
  7334 | D:8      | Killed from afar by Maurice

Illustrated notes

Levels and vault maps discovered:
D:1:      dpeg_chamrin_arrival_tetris, layout_loops_ring, serial_bayou_crossing
D:2:      layout_loops_ring, lemuel_coloured_pillars_altar, first_ration,
          st_stairs_12, hangedman_decor_push
D:3:      layout_loops_cross, chequers_temple_overflow_statue_of_worship,
          eat_drink_and_be_merry_uskayaw, grunt_decor_resistance, led_sif_book
D:4:      layout_loops_cross, uniq_purgy, uniq_sigmund
D:5:      layout_loops_ring, lemuel_crystal_altar, hangedman_ru_absence
D:6:      layout_loops_cross, minmay_tree_intersection, skrybe_limestone_x
D:7:      cheibrodos_barr_body, layout_gridville, minmay_temple_entry_oklob,
          basic_altar, grunt_ogre_cave, kennysheep_boxes
D:8:      layout_loops_ring, basic_altar, serial_shops, shop, fedhas_altar_4,
          uniq_maurice
Temple:   nicolae_temple_elliptical

Skill      XL: |  1  2  3  4  5  6  7  8  9 10 |
---------------+-------------------------------+-----
Short Blades   | 4 5 6 7 |  7.7
Fighting       | 3 4 5 6 |  6.4
Dodging        | 3 4 5 6 7 |  7.1
Armour         | 3 4 5 6 7 |  7.2
Long Blades    | 3 5 7 |  7.0

Action                   |  1- 3 |  4- 6 |  7- 9 | 10-12 || total
-------------------------+-------+-------+-------+-------++-------
Melee: Short sword       |   110 |   187 |   659 |       ||   956
       Long sword        |       |       |    21 |       ||    21
       Scimitar          |       |       |    10 |   120 ||   130
Throw: Dart              |     5 |       |    12 |     1 ||    18
       Stone             |       |       |    12 |       ||    12
Invok: Berserk           |       |     1 |     6 |     3 ||    10
       Trog's Hand       |       |     1 |     4 |       ||     5
  Use: Scroll            |       |     6 |     9 |       ||    15
  Eat: Chunk             |       |     5 |    21 |     5 ||    31
       Ration            |       |       |       |     1 ||     1
Armor: Animal skin       |     1 |       |       |       ||     1
       Ring mail         |    20 |    27 |    48 |       ||    95
       Scale mail        |       |       |    92 |    32 ||   124
Dodge: Dodged            |    86 |   102 |   287 |    75 ||   550
Block: Other             |    18 |    31 |    89 |    16 ||   154
       Reflection        |     2 |       |     1 |     1 ||     4
       Rpst.: Scimitar   |       |       |     3 |    25 ||    28
